 Dungeon Crawl Stone Soup version 0.18.1-50-g88ac8fd (webtiles) character file.

22 Cousarr the Sneak (level 2, 0/26 HPs)
             Began as a Naga Assassin on Oct 9, 2016.
             Slain by an adder (4 damage)
             ... on level 2 of the Dungeon.
             The game lasted 00:01:47 (762 turns).

Cousarr the Sneak (Naga Assassin)                    Turns: 762, Time: 00:01:48

Health: 0/26       AC:  2    Str: 13    XL:     2   Next: 91%
Magic:  2/2        EV:  9    Int: 11    God:
Gold:   66         SH:  0    Dex: 12    Spells: 0 memorised, 1 level left

rFire  . . .     SeeInvis +     a - +2 dagger
rCold  . . .     Gourm    .     c - +0 robe
rNeg   . . .     Faith    .     (no shield)
rPois  +         Spirit   .     (no helmet)
rElec  .         Dismiss  .     d - +0 cloak
rCorr  .         Reflect  .     (no gloves)
SustAt .         Harm     .     (no barding)
MR     .....                    (no amulet)
Stlth  ++++......               (no ring)
                                (no ring)

@: lethally poisoned (0 -> -4), very slow, not resistant to hostile
enchantments, stealthy
A: see invisible, deformed body, poison resistance, slowness 2, slow metabolism
1, spit poison 2, AC +0
a: Spit Poison


You were on level 2 of the Dungeon.
You were not hungry.

You visited 1 branch of the dungeon, and saw 2 of its levels.

You collected 66 gold pieces.

Inventory:

Hand Weapons
 a - a +2 dagger (weapon)
 b - a +0 blowgun
Missiles
 e - 8 poisoned needles
 f - 2 curare-tipped needles
Armour
 c - a +0 robe (worn)
 d - a +0 cloak (worn)
Scrolls
 j - a scroll of enchant weapon {unknown}
 l - a scroll of fog {unknown}
 m - a scroll of amnesia {unknown}
 n - a scroll of immolation {unknown}
Potions
 i - a potion of degeneration {unknown}
 k - a potion of heal wounds {unknown}
Comestibles
 g - a bread ration
 h - 2 meat rations


   Skills:
 - Level 2.0 Fighting
 - Level 2.0 Short Blades
 - Level 1.7 Throwing
 - Level 0.7 Dodging
 * Level 7.2 Stealth


You had one spell level left.
You didn't know any spells.

Dungeon Overview and Level Annotations

Branches:
Dungeon (2/15)

Altars:


Innate Abilities, Weirdness & Mutations

You cannot wear boots.
Your serpentine skin is tough (AC +0).
You have supernaturally acute eyesight.
Armour fits poorly on your strangely shaped body.
Your system is resistant to poisons.
You cover ground very slowly.
You have a slow metabolism.
You can spit poison.


Message History

There is an open door here.
An adder comes into view.
A bat and a hobgoblin come into view.
You enter a teleport trap!
The teleport trap disappears.
Your surroundings seem slightly different.
An adder comes into view.
The adder closely misses you. The adder barely misses you.
You closely miss the adder. The adder bites you. The adder barely misses you.
The adder bites you.
You are poisoned.
The adder poisons you! The bat hits you. The adder bites you.
You feel sick. The bat misses you. The adder bites you.
You feel sick. The bat hits you. The bat hits you but does no damage.
The adder closely misses you. The adder bites you.
* * * LOW HITPOINT WARNING * * *
* * * LOW HITPOINT WARNING * * *
You feel sick. The bat hits you but does no damage. The bat hits you.
* * * LOW HITPOINT WARNING * * *
The adder closely misses you. The adder bites you.
You die...

#.......# +## ## ##
#.......##... .... ..
#............ ....##.##
#............ ..#....#
#............ #.....#
#......g..... . #.....#
#.b.......... ..
###....###!S..........
...#..#...'..@S....###+##
..#....#..########.#
##.....#........[ .#
.........#.....#. .#
........######.# .#
......+......# # .#
......######.# ..(.. #.#
.... #.#


You could see 2 adders, a hobgoblin (sleeping) and a bat.

Vanquished Creatures
  An ooze (D:1)
  A giant gecko (D:1)
  2 giant cockroaches (D:1)
  A goblin (D:1)
  3 hobgoblins (D:1)
  3 kobolds (D:1)
  3 bats (D:1)
  2 giant newts (D:1)
16 creatures vanquished.

Notes
Turn   | Place    | Note
--------------------------------------------------------------
     0 | D:1      | Cousarr the Naga Assassin began the quest for the Orb.
     0 | D:1      | Reached XP level 1. HP: 19/19 MP: 1/1
     7 | D:1      | Reached skill level 6 in Stealth
    83 | D:1      | Reached XP level 2. HP: 21/26 MP: 2/2
   221 | D:1      | Reached skill level 7 in Stealth
   762 | D:2      | Slain by an adder

Skill      XL: |  1  2 |
---------------+-------+-----
Stealth        | 6 7 |  7.2
Fighting       | |  2.0
Short Blades   | |  2.0
Throwing       | |  1.7
Dodging        | |  0.7

Action                   || total
-------------------------++-------
Melee: Dagger            ||    44
 Abil: Spit Poison       ||     3
 Stab: Distracted        ||     1
       Sleeping          ||     3
Armor: Robe              ||    19
Dodge: Dodged            ||    25
